SAAA
ALLOWAY HALBERDS @ SACRAMENTO REDLEGS
09/13/2038
 
TOP OF THE 1ST
Alloway Halberds batting - Pitching for Sacramento Redlegs : RHP Alberto Gómez
Pitching: RHP Alberto Gómez
Batting: RHB José Alcalá 0-0: Ball
1-0: Ball
2-0: Ball
3-0: Called Strike
3-1: Base on Balls
Batting: RHB Broderick Sarcoma 0-0: Called Strike
0-1: SINGLE (Groundball, 6MD, EV 100.0 MPH)
José Alcalá to second
Runner from 2nd tries for 3rd, SAFE, throw by CF made to third
Batting: LHB Juan Jimínez 0-0: Called Strike
0-1: Swinging Strike
0-2: Foul Ball, location: 2F
0-2: Ball
1-2: Ball
2-2: Fly out, F8 (Flyball, 8LXD, EV 98.8 MPH)
Runner from 3rd tags up, SCORES, no throw by CF
Batting: RHB Tom Boyer 0-0: Ball
1-0: Called Strike
1-1: Foul Ball, location: 2F
1-2: Strikes out looking
Batting: SHB Govaart Baars 0-0: Ball
1-0: Foul Ball, location: 2F
1-1: Swinging Strike
1-2: Fly out, F6 (Popup, P, EV 86.9 MPH)
Top of the 1st over - 1 run, 1 hit, 0 errors, 1 left on base; Alloway 1 - Sacramento 0
BOTTOM OF THE 1ST
Sacramento Redlegs batting - Pitching for Alloway Halberds : RHP Bob Browning
Pitching: RHP Bob Browning
Batting: LHB Kahutea Eperaima 0-0: Ball
1-0: Called Strike
1-1: Ball
2-1: Ball
3-1: Called Strike
3-2: Foul Ball, location: 2F
3-2: Fly out, F1 (Popup, P, EV 91.2 MPH)
Batting: RHB Taua Naituyaga 0-0: Foul Ball, location: 2F
0-1: Called Strike
0-2: Foul Ball, location: 2F
0-2: Ground out 6-3 (Groundball, 56, EV 96.9 MPH)
Batting: LHB Wilson Sabadodíaz 0-0: Called Strike
0-1: SINGLE (Groundball, 34D, EV 93.8 MPH)
Batting: LHB Joe Clark 0-0: Ball
1-0: Called Strike
1-1: Ball
2-1: Swinging Strike
2-2: Foul Ball, location: 2F
2-2: Foul Ball, location: 2F
2-2: Foul Ball, location: 2F
2-2: DOUBLE (Line Drive, 8RXD, EV 105.0 MPH)
Wilson Sabadodíaz to third
Batting: RHB Shihei Kichikawa 0-0: Called Strike
0-1: Swinging Strike
0-2: Strikes out swinging
Bottom of the 1st over - 0 runs, 2 hits, 0 errors, 2 left on base; Alloway 1 - Sacramento 0
TOP OF THE 2ND
Alloway Halberds batting - Pitching for Sacramento Redlegs : RHP Alberto Gómez
Batting: LHB Mike Clifton 0-0: Ball
1-0: Called Strike
1-1: Foul Ball, location: 2F
1-2: Ball
2-2: Ball
3-2: Fly out, F5 (Popup, 5SF, EV 68.1 MPH)
Batting: RHB Manny Gonzáles 0-0: SINGLE (Line Drive, 89M, EV 103.8 MPH)
Batting: RHB Greg Bugarin 0-0: Ball
1-0: Ball
2-0: Foul Ball, location: 2F
2-1: Foul Ball, location: 2F
2-2: Ground out 5-3 (Groundball, 56S, EV 70.0 MPH)
Manny Gonzáles to second
Batting: RHB Carlos Garza 0-0: Called Strike
0-1: Foul Ball, location: 2F
0-2: Ball
1-2: Strikes out swinging
Top of the 2nd over - 0 runs, 1 hit, 0 errors, 1 left on base; Alloway 1 - Sacramento 0
BOTTOM OF THE 2ND
Sacramento Redlegs batting - Pitching for Alloway Halberds : RHP Bob Browning
Batting: LHB Ismael Soto 0-0: Foul Ball, location: 2F
0-1: Swinging Strike
0-2: Fly out, F7 (Flyball, 78S, EV 65.0 MPH)
Batting: RHB Brandon Graybill 0-0: Ball
1-0: Foul Ball, location: 2F
1-1: Called Strike
1-2: Ground out 4-3 (Groundball, 4, EV 98.1 MPH)
Batting: RHB António Delgado 0-0: Ball
1-0: Ball
2-0: Swinging Strike
2-1: Ball
3-1: Foul Ball, location: 2F
3-2: Base on Balls
Batting: RHB Roberto González 0-0: Fly out, F7 (Flyball, 7S, EV 94.4 MPH)
Bottom of the 2nd over - 0 runs, 0 hits, 0 errors, 1 left on base; Alloway 1 - Sacramento 0
TOP OF THE 3RD
Alloway Halberds batting - Pitching for Sacramento Redlegs : RHP Alberto Gómez
Batting: RHB José Alcalá 0-0: Fly out, F7 (Flyball, 78M, EV 96.9 MPH)
Batting: RHB Broderick Sarcoma 0-0: Called Strike
0-1: Ball
1-1: Foul Ball, location: 2F
1-2: Foul Ball, location: 2F
1-2: Ball
2-2: Ball
3-2: Strikes out swinging
Batting: LHB Juan Jimínez 0-0: Ball
1-0: Called Strike
1-1: Ball
2-1: Ball
3-1: Called Strike
3-2: Ground out 1-3 (Groundball, 13S, EV 73.1 MPH)
Top of the 3rd over - 0 runs, 0 hits, 0 errors, 0 left on base; Alloway 1 - Sacramento 0
BOTTOM OF THE 3RD
Sacramento Redlegs batting - Pitching for Alloway Halberds : RHP Bob Browning
Batting: LHB Kahutea Eperaima 0-0: Fly out, F5 (Popup, 5SF, EV 73.8 MPH)
Batting: RHB Taua Naituyaga 0-0: Called Strike
0-1: Foul Ball, location: 2F
0-2: Ball
1-2: Strikes out looking
Batting: LHB Wilson Sabadodíaz 0-0: Ball
1-0: Ball
2-0: Ball
3-0: Base on Balls
Batting: LHB Joe Clark 0-0: Called Strike
0-1: Ball
1-1: Foul Ball, location: 2F
1-2: Ball
2-2: Ball
Wilson Sabadodíaz steals 2nd base
3-2: Fly out, F8 (Flyball, 8RM, EV 75.0 MPH)
Bottom of the 3rd over - 0 runs, 0 hits, 0 errors, 1 left on base; Alloway 1 - Sacramento 0
TOP OF THE 4TH
Alloway Halberds batting - Pitching for Sacramento Redlegs : RHP Alberto Gómez
Batting: RHB Tom Boyer 0-0: Foul Ball, location: 2F
0-1: Called Strike
0-2: Ball
1-2: Ball
2-2: Ball
3-2: SINGLE (Line Drive, 56, EV 96.9 MPH)
Batting: SHB Govaart Baars 0-0: Ball
1-0: Ball
2-0: Called Strike
Tom Boyer is caught stealing 2nd base 2-6
2-1: DOUBLE (Groundball, 3L, EV 106.2 MPH)
Batting: LHB Mike Clifton 0-0: Called Strike
0-1: Ball
1-1: Ball
2-1: Ground out 6-3 (Groundball, 6M, EV 78.8 MPH)
Govaart Baars to third
Batting: RHB Manny Gonzáles 0-0: Called Strike
0-1: Foul Ball, location: 2F
0-2: Ball
1-2: Strikes out swinging
Top of the 4th over - 0 runs, 2 hits, 0 errors, 1 left on base; Alloway 1 - Sacramento 0
BOTTOM OF THE 4TH
Sacramento Redlegs batting - Pitching for Alloway Halberds : RHP Bob Browning
Batting: RHB Shihei Kichikawa 0-0: SINGLE (Flyball, 78S, EV 88.1 MPH)
Batting: LHB Ismael Soto 0-0: Called Strike
0-1: Foul Ball, location: 2F
0-2: SINGLE (Flyball, 9S, EV 87.5 MPH)
Shihei Kichikawa to second
Runner from 2nd tries for 3rd, SAFE, no throw by RF
Batting: RHB Brandon Graybill 0-0: Ball
1-0: Called Strike
1-1: Foul Ball, location: 2F
1-2: Strikes out swinging
Batting: RHB António Delgado 0-0: Ball
1-0: Fly out, F6 (Popup, 15, EV 80.0 MPH)
Batting: RHB Roberto González 0-0: Called Strike
0-1: Ball
1-1: Ball
2-1: Fly out, F9 (Flyball, 89M, EV 86.9 MPH)
Bottom of the 4th over - 0 runs, 2 hits, 0 errors, 2 left on base; Alloway 1 - Sacramento 0
TOP OF THE 5TH
Alloway Halberds batting - Pitching for Sacramento Redlegs : RHP Alberto Gómez
Batting: RHB Greg Bugarin 0-0: Ball
1-0: Ball
2-0: Ball
3-0: Base on Balls
Batting: RHB Carlos Garza 0-0: Bunted foul
0-1: Sac Bunt to 2R - play at first, batter OUT! 2-4
Greg Bugarin to second
Batting: RHB José Alcalá 0-0: Called Strike
0-1: Ball
1-1: Called Strike
1-2: Ball
2-2: Ground out 6-3 (Groundball, 6S, EV 81.2 MPH)
Batting: RHB Broderick Sarcoma 0-0: Ball
1-0: Fly out, F9 (Line Drive, 9, EV 94.4 MPH)
Top of the 5th over - 0 runs, 0 hits, 0 errors, 1 left on base; Alloway 1 - Sacramento 0
BOTTOM OF THE 5TH
Sacramento Redlegs batting - Pitching for Alloway Halberds : RHP Bob Browning
Batting: LHB Kahutea Eperaima 0-0: Fly out, F5 (Popup, 5SF, EV 89.4 MPH)
Batting: RHB Taua Naituyaga 0-0: Called Strike
0-1: Ball
1-1: Called Strike
1-2: Fly out, F9 (Flyball, 89XD, EV 91.9 MPH)
Batting: LHB Wilson Sabadodíaz 0-0: Foul Ball, location: 2F
0-1: Ball
1-1: Swinging Strike
1-2: Foul Ball, location: 2F
1-2: Ball
2-2: Foul Ball, location: 2F
2-2: Ball
3-2: Fly out, F8 (Flyball, 8LXD, EV 90.6 MPH)
Bottom of the 5th over - 0 runs, 0 hits, 0 errors, 0 left on base; Alloway 1 - Sacramento 0
TOP OF THE 6TH
Alloway Halberds batting - Pitching for Sacramento Redlegs : RHP Alberto Gómez
Batting: LHB Juan Jimínez 0-0: Fly out, F7 (Flyball, 7, EV 83.1 MPH)
Batting: RHB Tom Boyer 0-0: Ball
1-0: Ball
2-0: Ground out 5-3 (Groundball, 56S, EV 69.4 MPH)
Batting: SHB Govaart Baars 0-0: Foul Ball, location: 2F
0-1: Foul Ball, location: 2F
0-2: Ball
1-2: Foul Ball, location: 2F
1-2: Ball
2-2: Foul Ball, location: 2F
2-2: Ball
3-2: Foul Ball, location: 2F
3-2: Foul Ball, location: 2F
3-2: Base on Balls
Batting: LHB Mike Clifton 0-0: Ball
1-0: Foul Ball, location: 2F
1-1: Ball
2-1: Ball
3-1: Called Strike
3-2: DOUBLE (Groundball, 5L, EV 105.6 MPH)
Govaart Baars to third
Govaart Baars scores
Batting: RHB Manny Gonzáles 0-0: Swinging Strike
0-1: 2-RUN HOME RUN (Flyball, 7D, EV 105.6 MPH), Distance : 404 ft
Batting: RHB Greg Bugarin 0-0: Called Strike
0-1: Fly out, F8 (Flyball, 8LS, EV 89.4 MPH)
Top of the 6th over - 3 runs, 2 hits, 0 errors, 0 left on base; Alloway 4 - Sacramento 0
BOTTOM OF THE 6TH
Sacramento Redlegs batting - Pitching for Alloway Halberds : RHP Bob Browning
Batting: LHB Joe Clark 0-0: Called Strike
0-1: Swinging Strike
0-2: Ball
1-2: Foul Ball, location: 2F
1-2: Strikes out looking
Batting: RHB Shihei Kichikawa 0-0: Called Strike
0-1: Ball
1-1: Swinging Strike
1-2: Ground out 1-3 (Groundball, P, EV 67.5 MPH)
Batting: LHB Ismael Soto 0-0: Called Strike
0-1: Fly out, F9 (Flyball, 89M, EV 86.2 MPH)
Bottom of the 6th over - 0 runs, 0 hits, 0 errors, 0 left on base; Alloway 4 - Sacramento 0
TOP OF THE 7TH
Alloway Halberds batting - Pitching for Sacramento Redlegs : RHP Alberto Gómez
Pitching: LHP Julius Spry
Batting: RHB Carlos Garza 0-0: Foul Ball, location: 2F
0-1: Ball
1-1: Ball
2-1: Foul Ball, location: 2F
2-2: Ground out 6-3 (Groundball, 6, EV 87.5 MPH)
Batting: RHB José Alcalá 0-0: Ball
1-0: Ball
2-0: Ball
3-0: Called Strike
3-1: Base on Balls
Batting: RHB Broderick Sarcoma 0-0: Called Strike
0-1: Called Strike
José Alcalá steals 2nd base
0-2: Fly out, F5 (Popup, 56, EV 69.4 MPH)
Batting: LHB Juan Jimínez 0-0: Ball
1-0: Foul Ball, location: 2F
1-1: Foul Ball, location: 2F
1-2: Ball
2-2: SINGLE (Groundball, 34D, EV 98.8 MPH)
José Alcalá to third
Runner from 3rd tries for Home, SAFE, no throw by RF
Batting: RHB Tom Boyer 0-0: SINGLE (Line Drive, 78M, EV 105.6 MPH)
Juan Jimínez to second
Batting: SHB Govaart Baars 0-0: Ball
1-0: Ball
2-0: Called Strike
2-1: Fly out, F7 (Flyball, 7, EV 91.9 MPH)
Top of the 7th over - 1 run, 2 hits, 0 errors, 2 left on base; Alloway 5 - Sacramento 0
BOTTOM OF THE 7TH
Sacramento Redlegs batting - Pitching for Alloway Halberds : RHP Bob Browning
Batting: RHB Brandon Graybill 0-0: Ball
1-0: Ball
2-0: Foul Ball, location: 2F
2-1: Foul Ball, location: 2F
2-2: Ball
3-2: Foul Ball, location: 2F
3-2: SINGLE (Groundball, 5D, EV 106.9 MPH)
Batting: RHB António Delgado 0-0: Reached on error, E6 (Groundball, 6, EV 80.6 MPH)
Brandon Graybill to second
Batting: RHB Roberto González 0-0: Ball
1-0: Ball
2-0: Fly out, F7 (Flyball, 78M, EV 81.9 MPH)
Pitching: RHP Rich McLean
Batting: LHB Kahutea Eperaima 0-0: Foul Ball, location: 2F
0-1: Swinging Strike
0-2: Strikes out swinging
Batting: RHB Taua Naituyaga 0-0: Called Strike
0-1: Fielders Choice at 2nd, 6-4 (Groundball, 56, EV 82.5 MPH)
Bottom of the 7th over - 0 runs, 1 hit, 1 error, 2 left on base; Alloway 5 - Sacramento 0
TOP OF THE 8TH
Alloway Halberds batting - Pitching for Sacramento Redlegs : LHP Julius Spry
Batting: LHB Mike Clifton 0-0: Foul Ball, location: 2F
0-1: Ball
1-1: Ball
2-1: Called Strike
2-2: Fly out, F7 (Flyball, 78D, EV 100.6 MPH)
Batting: RHB Manny Gonzáles 0-0: Called Strike
0-1: Ball
1-1: Foul Ball, location: 2F
1-2: Foul Ball, location: 2F
1-2: Fly out, F4 (Flyball, 4MD, EV 88.8 MPH)
Batting: RHB Greg Bugarin 0-0: Called Strike
0-1: Ball
1-1: Ball
2-1: Ball
3-1: Foul Ball, location: 2F
3-2: Fly out, F6 (Flyball, 6MD, EV 89.4 MPH)
Top of the 8th over - 0 runs, 0 hits, 0 errors, 0 left on base; Alloway 5 - Sacramento 0
BOTTOM OF THE 8TH
Sacramento Redlegs batting - Pitching for Alloway Halberds : RHP Rich McLean
Batting: LHB Wilson Sabadodíaz 0-0: Called Strike
0-1: Ball
1-1: Ball
2-1: SINGLE (Groundball, 6D, EV 96.9 MPH)
Batting: LHB Joe Clark 0-0: Ball
1-0: Called Strike
1-1: Swinging Strike
1-2: Strikes out swinging
Batting: RHB Shihei Kichikawa 0-0: Ball
1-0: Fly out, F8 (Flyball, 8RS, EV 86.2 MPH)
Batting: LHB Ismael Soto 0-0: Ball
1-0: Ball
2-0: Ball
3-0: Base on Balls
Wilson Sabadodíaz to second
Batting: RHB Brandon Graybill 0-0: Ball
1-0: SINGLE (Line Drive, 89S, EV 103.8 MPH)
Wilson Sabadodíaz to third
Ismael Soto to second
Runner from 3rd tries for Home, SAFE, throw by CF to home
Ismael Soto to third
Brandon Graybill to second
Batting: RHB António Delgado 0-0: Swinging Strike
0-1: Swinging Strike
0-2: Strikes out swinging
Bottom of the 8th over - 1 run, 2 hits, 0 errors, 2 left on base; Alloway 5 - Sacramento 1
TOP OF THE 9TH
Alloway Halberds batting - Pitching for Sacramento Redlegs : LHP Julius Spry
Pitching: RHP Marcel Bloemheuvel
Batting: RHB Carlos Garza 0-0: Ball
1-0: Called Strike
1-1: Fly out, F8 (Flyball, 8LXD, EV 103.8 MPH)
Batting: RHB José Alcalá 0-0: Ground out 1-3 (Groundball, 13, EV 80.0 MPH)
Batting: RHB Broderick Sarcoma 0-0: Swinging Strike
0-1: Ball
1-1: Swinging Strike
1-2: Strikes out swinging
Top of the 9th over - 0 runs, 0 hits, 0 errors, 0 left on base; Alloway 5 - Sacramento 1
BOTTOM OF THE 9TH
Sacramento Redlegs batting - Pitching for Alloway Halberds : RHP Rich McLean
Pitching: RHP Frank Butler
Batting: RHB Roberto González 0-0: Ball
1-0: Ball
2-0: Called Strike
2-1: Called Strike
2-2: SINGLE (Line Drive, 89M, EV 99.4 MPH)
Batting: LHB Kahutea Eperaima 0-0: Foul Ball, location: 2F
0-1: DOUBLE (Flyball, 78D, EV 103.8 MPH)
Roberto González to third
Batting: RHB Taua Naituyaga 0-0: Ball
1-0: Called Strike
1-1: Ground out 4-3 (Groundball, 4, EV 107.5 MPH)
Roberto González scores
Kahutea Eperaima to third
Batting: LHB Wilson Sabadodíaz 0-0: Called Strike
0-1: SINGLE (Flyball, 8LS, EV 91.9 MPH)
Kahutea Eperaima scores
Batting: LHB Joe Clark 0-0: Ball
1-0: Foul Ball, location: 2F
1-1: Ball
2-1: Foul Ball, location: 2F
2-2: Strikes out looking
Pinch Hitting: LHB Carlos Guzmán 0-0: Ball
1-0: Ground out 1-3 (Groundball, 13, EV 83.8 MPH)
Bottom of the 9th over - 2 runs, 3 hits, 0 errors, 1 left on base; Alloway 5 - Sacramento 3
Friday, April 17th, 2020 - OOTP Baseball 20.8 Build 74